3302 views
Uploaded 2020-02-15 15:17:20
Game version 1.32 / 1.32.1
16:49 long 3on3 ladder game on (8)Battleground_LV
Saved by iggythefisk
3302 views
Uploaded 2020-02-15 15:17:20
Game version 1.32 / 1.32.1
16:49 long 3on3 ladder game on (8)Battleground_LV


88 units @ 8.1k
/ 0.6k
100 buildings @ 7k
/ 3.6k
iggythefisk
(16:45) : 
| Peasant | 31 | 2325 | / | 0 |
| total: | 31 | 2325g | / | 0w |
| Scout Tower | 6 | 180 | / | 120 |
| Arcane Tower | 3 | 210 | / | 150 |
| Guard Tower | 3 | 210 | / | 150 |
| Altar of Kings | 2 | 360 | / | 100 |
| Farm | 4 | 320 | / | 80 |
| Lumber Mill | 1 | 120 | / | 0 |
| Town Hall | 1 | 385 | / | 205 |
| total: | 14 | 1365g | / | 505w |
| 0:03 | Peasant |
| 0:06 | Altar of Kings |
| 0:07 | Peasant |
| 0:13 | Peasant |
| 0:20 | Farm |
| 0:21 | Peasant |
| 0:27 | Peasant |
| 0:38 | Lumber Mill |
| 0:50 | Farm |
| 0:56 | Peasant |
| 1:03 | Peasant |
| 1:11 | Peasant |
| 1:24 | Scout Tower |
| 1:29 | Peasant |
| 1:41 | Peasant |
| 1:44 | Improved Masonry |
| 1:50 | Arcane Tower |
| 1:52 | Scout Tower |
| 2:06 | Blizzard |
| 2:09 | Scout Tower |
| 2:17 | Peasant |
| 2:20 | Guard Tower |
| 2:35 | Scout Tower |
| 2:38 | Peasant |
| 2:40 | Scout Tower |
| 2:53 | Peasant |
| 3:06 | Arcane Tower |
| 3:09 | Peasant |
| 3:14 | Peasant |
| 3:15 | Arcane Tower |
| 3:16 | Scout Tower |
| 3:32 | Peasant |
| 3:37 | Farm |
| 3:49 | Guard Tower |
| 4:02 | Guard Tower |
| 4:12 | Peasant |
| 4:12 | Peasant |
| 4:22 | Peasant |
| 4:34 | Peasant |
| 4:41 | Peasant |
| 5:02 | Peasant |
| 5:59 | Farm |
| 6:42 | Brilliance Aura |
| 9:01 | Town Hall |
| 13:10 | Peasant |
| 13:11 | Peasant |
| 13:43 | Peasant |
| 14:07 | Peasant |
| 14:14 | Peasant |
| 14:32 | Peasant |
| 14:50 | Altar of Kings |
| 14:58 | Peasant |
| 16:04 | Peasant |
| 16:21 | Peasant |
| Right click | 1064 |
| Assign group | 695 |
| Select | 356 |
| Select group | 161 |
| Build/train/purchase | 71 |
| Resource trade | 59 |
| Chat | 41 |
| Use ability | 28 |
| Misc. action | 6 |
| Minimap ping | 1 |


| Healing Salve | 1 | 100 |
| total: | 1 | 100g |
| Peasant | 27 | 2025 | / | 0 |
| Dragonhawk Rider | 5 | 1000 | / | 150 |
| total: | 32 | 3025g | / | 150w |
| Scout Tower | 57 | 1710 | / | 1140 |
| Guard Tower | 32 | 2240 | / | 1600 |
| Altar of Kings | 1 | 180 | / | 50 |
| Farm | 5 | 400 | / | 100 |
| Lumber Mill | 1 | 120 | / | 0 |
| Arcane Vault | 1 | 130 | / | 30 |
| Town Hall | 1 | 385 | / | 205 |
| Gryphon Aviary | 1 | 140 | / | 150 |
| Keep | 1 | 320 | / | 210 |
| Castle | 1 | 360 | / | 210 |
| total: | 67 | 3065g | / | 1675w |
| 0:01 | Peasant |
| 0:06 | Altar of Kings |
| 0:18 | Farm |
| 0:21 | Peasant |
| 0:32 | Peasant |
| 0:40 | Peasant |
| 0:56 | Farm |
| 0:58 | Peasant |
| 1:23 | Lumber Mill |
| 1:24 | Scout Tower |
| 1:27 | Peasant |
| 1:28 | Peasant |
| 1:40 | Peasant |
| 2:00 | Scout Tower |
| 2:11 | Blizzard |
| 2:12 | Peasant |
| 2:23 | Scout Tower |
| 2:24 | Guard Tower |
| 2:28 | Guard Tower |
| 2:38 | Scout Tower |
| 3:36 | Guard Tower |
| 3:37 | Scout Tower |
| 3:37 | Scout Tower |
| 3:38 | Peasant |
| 3:39 | Peasant |
| 4:48 | Peasant |
| 4:49 | Peasant |
| 4:51 | Guard Tower |
| 4:53 | Scout Tower |
| 4:53 | Scout Tower |
| 4:54 | Scout Tower |
| 5:04 | Scout Tower |
| 5:05 | Scout Tower |
| 5:09 | Improved Masonry |
| 5:26 | Peasant |
| 5:42 | Scout Tower |
| 5:43 | Scout Tower |
| 5:43 | Scout Tower |
| 6:09 | Guard Tower |
| 6:19 | Scout Tower |
| 6:20 | Scout Tower |
| 6:21 | Brilliance Aura |
| 6:26 | Guard Tower |
| 6:27 | Scout Tower |
| 6:28 | Scout Tower |
| 6:33 | Guard Tower |
| 6:37 | Scout Tower |
| 6:38 | Scout Tower |
| 6:38 | Scout Tower |
| 6:39 | Scout Tower |
| 6:39 | Scout Tower |
| 6:39 | Scout Tower |
| 6:43 | Peasant |
| 6:49 | Guard Tower |
| 6:55 | Guard Tower |
| 6:59 | Scout Tower |
| 7:00 | Scout Tower |
| 7:00 | Scout Tower |
| 7:01 | Scout Tower |
| 7:01 | Scout Tower |
| 7:02 | Scout Tower |
| 7:03 | Keep |
| 7:11 | Guard Tower |
| 7:13 | Guard Tower |
| 7:22 | Guard Tower |
| 7:34 | Guard Tower |
| 7:42 | Guard Tower |
| 7:48 | Guard Tower |
| 8:02 | Guard Tower |
| 8:08 | Guard Tower |
| 8:27 | Guard Tower |
| 8:29 | Scout Tower |
| 8:29 | Scout Tower |
| 8:30 | Scout Tower |
| 9:05 | Guard Tower |
| 9:06 | Scout Tower |
| 9:06 | Scout Tower |
| 9:22 | Arcane Vault |
| 9:27 | Scout Tower |
| 9:27 | Scout Tower |
| 9:28 | Scout Tower |
| 9:31 | Farm |
| 9:36 | Improved Lumber Harvesting |
| 9:37 | Advanced Masonry |
| 9:42 | Guard Tower |
| 9:53 | Healing Salve |
| 10:04 | Peasant |
| 10:04 | Peasant |
| 10:08 | Farm |
| 11:13 | Town Hall |
| 11:16 | Guard Tower |
| 11:17 | Guard Tower |
| 11:45 | Scout Tower |
| 11:47 | Scout Tower |
| 11:48 | Scout Tower |
| 11:50 | Scout Tower |
| 11:50 | Scout Tower |
| 11:53 | Peasant |
| 11:55 | Peasant |
| 11:56 | Storm Bolt |
| 12:06 | Gryphon Aviary |
| 12:12 | Guard Tower |
| 12:13 | Scout Tower |
| 12:15 | Guard Tower |
| 12:30 | Peasant |
| 12:31 | Peasant |
| 12:38 | Guard Tower |
| 13:22 | Guard Tower |
| 13:24 | Peasant |
| 13:24 | Peasant |
| 13:44 | Dragonhawk Rider |
| 13:48 | Peasant |
| 13:52 | Scout Tower |
| 13:53 | Scout Tower |
| 13:59 | Scout Tower |
| 13:59 | Scout Tower |
| 14:05 | Scout Tower |
| 14:05 | Scout Tower |
| 14:11 | Peasant |
| 14:18 | Dragonhawk Rider |
| 14:21 | Guard Tower |
| 14:29 | Scout Tower |
| 14:29 | Scout Tower |
| 14:30 | Scout Tower |
| 14:30 | Scout Tower |
| 14:36 | Peasant |
| 14:44 | Dragonhawk Rider |
| 14:47 | Farm |
| 14:52 | Guard Tower |
| 14:55 | Scout Tower |
| 14:55 | Scout Tower |
| 14:56 | Scout Tower |
| 15:03 | Guard Tower |
| 15:08 | Guard Tower |
| 16:07 | Dragonhawk Rider |
| 16:15 | Castle |
| 16:16 | Peasant |
| 16:38 | Dragonhawk Rider |
| Right click | 1082 |
| Select | 496 |
| Select group | 109 |
| Build/train/purchase | 88 |
| Assign group | 65 |
| Use ability | 24 |
| Resource trade | 19 |
| Minimap ping | 8 |
| Chat | 4 |
| Misc. action | 2 |
| Remove unit | 1 |
IcebergSlim
(16:44) : 

| Healing Salve | 1 | 100 |
| Orb of Lightning | 1 | 375 |
| Boots of Speed | 1 | 250 |
| Staff of Teleportation | 1 | 150 |
| total: | 4 | 875g |
| Peon | 15 | 1125 | / | 0 |
| Troll Batrider | 10 | 1600 | / | 400 |
| total: | 25 | 2725g | / | 400w |
| Watch Tower | 9 | 990 | / | 720 |
| Altar of Storms | 1 | 180 | / | 50 |
| Orc Burrow | 4 | 640 | / | 160 |
| War Mill | 1 | 205 | / | 0 |
| Voodoo Lounge | 1 | 130 | / | 30 |
| Beastiary | 3 | 435 | / | 420 |
| Stronghold | 1 | 315 | / | 190 |
| Fortress | 1 | 325 | / | 190 |
| total: | 19 | 2580g | / | 1380w |
| 0:02 | Peon |
| 0:02 | Peon |
| 0:05 | Altar of Storms |
| 0:18 | Orc Burrow |
| 0:33 | War Mill |
| 0:36 | Peon |
| 0:46 | Peon |
| 1:01 | Peon |
| 1:08 | Voodoo Lounge |
| 1:18 | Peon |
| 1:36 | Peon |
| 1:46 | Watch Tower |
| 1:48 | Peon |
| 2:05 | Orc Burrow |
| 2:07 | Wind Walk |
| 2:11 | Healing Salve |
| 2:25 | Watch Tower |
| 2:43 | Peon |
| 2:46 | Watch Tower |
| 2:59 | Peon |
| 3:20 | Peon |
| 3:22 | Watch Tower |
| 3:46 | Stronghold |
| 4:35 | Critical Strike |
| 4:50 | Watch Tower |
| 5:28 | Boots of Speed |
| 5:28 | Staff of Teleportation |
| 6:11 | Beastiary |
| 6:12 | Peon |
| 6:12 | Peon |
| 6:12 | Peon |
| 6:13 | Peon |
| 6:15 | Beastiary |
| 6:30 | Watch Tower |
| 6:32 | Watch Tower |
| 6:58 | Orc Burrow |
| 7:01 | Reinforced Defenses |
| 7:07 | Hex |
| 7:18 | Fortress |
| 7:31 | Watch Tower |
| 7:41 | Troll Batrider |
| 7:58 | Troll Batrider |
| 8:15 | Troll Batrider |
| 8:38 | Watch Tower |
| 8:44 | Troll Batrider |
| 9:11 | Troll Batrider |
| 9:39 | Liquid Fire |
| 9:42 | Troll Batrider |
| 10:03 | Orc Burrow |
| 10:04 | Steel Ranged Weapons |
| 10:05 | Spiked Barricades |
| 10:51 | Troll Batrider |
| 11:12 | Troll Batrider |
| 11:27 | Beastiary |
| 11:35 | Troll Batrider |
| 11:51 | Troll Batrider |
| 12:18 | Wind Walk |
| 12:28 | Orb of Lightning |
| Right click | 1572 |
| Select group | 264 |
| Select | 252 |
| Build/train/purchase | 59 |
| Misc. action | 52 |
| Resource trade | 24 |
| Use ability | 8 |
| Assign group | 6 |
| Chat | 4 |
| Remove unit | 1 |
147 units @ 18.8k
/ 1.9k
60 buildings @ 8.7k
/ 4k


| Lesser Clarity Potion | 2 | 140 |
| Healing Salve | 2 | 200 |
| total: | 4 | 340g |
| Peon | 14 | 1050 | / | 0 |
| Grunt | 8 | 1600 | / | 0 |
| Wind Rider | 5 | 1325 | / | 200 |
| Troll Batrider | 8 | 1280 | / | 320 |
| Kodo Beast | 1 | 255 | / | 60 |
| Shaman | 2 | 260 | / | 40 |
| Tauren | 2 | 560 | / | 160 |
| total: | 40 | 6330g | / | 780w |
| Altar of Storms | 1 | 180 | / | 50 |
| Orc Burrow | 6 | 960 | / | 240 |
| Barracks | 1 | 180 | / | 50 |
| Voodoo Lounge | 1 | 130 | / | 30 |
| War Mill | 1 | 205 | / | 0 |
| Great Hall | 1 | 385 | / | 185 |
| Beastiary | 2 | 290 | / | 280 |
| Spirit Lodge | 1 | 150 | / | 150 |
| Tauren Totem | 2 | 270 | / | 310 |
| Stronghold | 2 | 630 | / | 380 |
| Fortress | 2 | 650 | / | 380 |
| total: | 16 | 2750g | / | 1295w |
| 0:02 | Peon |
| 0:02 | Peon |
| 0:07 | Altar of Storms |
| 0:18 | Orc Burrow |
| 0:31 | Peon |
| 0:35 | Barracks |
| 0:43 | Peon |
| 1:01 | Peon |
| 1:08 | Peon |
| 1:22 | Peon |
| 1:29 | Orc Burrow |
| 1:34 | Peon |
| 1:43 | Grunt |
| 1:43 | Grunt |
| 1:59 | Voodoo Lounge |
| 2:06 | Feral Spirit |
| 2:20 | Grunt |
| 2:26 | Peon |
| 3:21 | Stronghold |
| 4:08 | Grunt |
| 4:12 | Orc Burrow |
| 4:42 | Chain Lighting |
| 4:57 | Grunt |
| 5:10 | Grunt |
| 5:32 | Grunt |
| 5:33 | Grunt |
| 5:44 | Berserker Strength |
| 5:56 | Beastiary |
| 6:01 | Peon |
| 6:16 | Beastiary |
| 6:40 | Orc Burrow |
| 6:45 | War Stomp |
| 7:08 | Feral Spirit |
| 7:33 | Orc Burrow |
| 7:35 | Orc Burrow |
| 7:52 | Wind Rider |
| 7:53 | Wind Rider |
| 8:19 | War Mill |
| 8:46 | Wind Rider |
| 9:03 | Lesser Clarity Potion |
| 9:08 | Lesser Clarity Potion |
| 9:08 | Healing Salve |
| 9:08 | Healing Salve |
| 9:32 | Reinforced Defenses |
| 9:52 | Endurance Aura |
| 10:00 | Wind Rider |
| 10:00 | Wind Rider |
| 10:13 | Troll Batrider |
| 10:13 | Troll Batrider |
| 10:17 | Troll Batrider |
| 10:26 | Troll Batrider |
| 10:48 | Troll Batrider |
| 11:12 | Kodo Beast |
| 11:51 | Spirit Lodge |
| 12:12 | Great Hall |
| 12:43 | Chain Lighting |
| 13:16 | Troll Batrider |
| 13:18 | Shaman Adept Training |
| 13:39 | Endurance Aura |
| 14:04 | Fortress |
| 14:06 | Troll Batrider |
| 14:07 | Troll Batrider |
| 14:32 | Tauren Totem |
| 14:33 | Tauren Totem |
| 15:01 | Peon |
| 15:01 | Peon |
| 15:01 | Peon |
| 15:02 | Peon |
| 16:45 | Shaman Master Training |
| 16:46 | Shaman |
| 16:46 | Shaman |
| 16:47 | Pulverize |
| 16:48 | Tauren |
| 16:48 | Tauren |
| Right click | 927 |
| Select | 229 |
| Select group | 212 |
| Build/train/purchase | 105 |
| Misc. action | 59 |
| Assign group | 38 |
| Use ability | 20 |
| Resource trade | 14 |
| Minimap ping | 8 |
| Remove unit | 6 |


| Scroll of Regeneration | 2 | 200 |
| total: | 2 | 200g |
| Peasant | 19 | 1425 | / | 0 |
| Footman | 12 | 1620 | / | 0 |
| Dragonhawk Rider | 10 | 2000 | / | 300 |
| Priest | 7 | 945 | / | 70 |
| Rifleman | 8 | 1640 | / | 240 |
| total: | 56 | 7630g | / | 610w |
| Scout Tower | 4 | 120 | / | 80 |
| Arcane Tower | 2 | 140 | / | 100 |
| Guard Tower | 2 | 140 | / | 100 |
| Altar of Kings | 1 | 180 | / | 50 |
| Farm | 10 | 800 | / | 200 |
| Barracks | 1 | 160 | / | 60 |
| Lumber Mill | 1 | 120 | / | 0 |
| Arcane Vault | 1 | 130 | / | 30 |
| Town Hall | 1 | 385 | / | 205 |
| Blacksmith | 1 | 140 | / | 60 |
| Arcane Sanctum | 1 | 150 | / | 140 |
| Gryphon Aviary | 1 | 140 | / | 150 |
| Keep | 1 | 320 | / | 210 |
| Castle | 1 | 360 | / | 210 |
| total: | 22 | 2325g | / | 975w |
| 0:01 | Peasant |
| 0:01 | Peasant |
| 0:06 | Altar of Kings |
| 0:08 | Peasant |
| 0:17 | Farm |
| 0:20 | Barracks |
| 0:24 | Peasant |
| 0:25 | Peasant |
| 0:41 | Peasant |
| 0:58 | Farm |
| 0:59 | Farm |
| 1:01 | Peasant |
| 1:11 | Peasant |
| 1:26 | Footman |
| 1:29 | Peasant |
| 1:39 | Farm |
| 1:45 | Footman |
| 1:45 | Footman |
| 2:02 | Peasant |
| 2:04 | Scout Tower |
| 2:07 | Blizzard |
| 2:10 | Footman |
| 2:24 | Footman |
| 2:43 | Footman |
| 2:52 | Footman |
| 3:03 | Footman |
| 3:10 | Arcane Tower |
| 4:11 | Keep |
| 4:12 | Farm |
| 4:39 | Footman |
| 5:12 | Footman |
| 5:13 | Lumber Mill |
| 5:25 | Brilliance Aura |
| 5:31 | Footman |
| 5:32 | Farm |
| 5:48 | Footman |
| 5:49 | Defend |
| 5:52 | Arcane Vault |
| 6:01 | Farm |
| 7:02 | Arcane Sanctum |
| 7:29 | Castle |
| 7:30 | Gryphon Aviary |
| 7:39 | Storm Bolt |
| 7:51 | Scroll of Regeneration |
| 8:33 | Blizzard |
| 8:49 | Town Hall |
| 9:04 | Scout Tower |
| 9:07 | Scroll of Regeneration |
| 9:11 | Dragonhawk Rider |
| 9:13 | Priest |
| 9:20 | Blacksmith |
| 9:33 | Dragonhawk Rider |
| 9:40 | Thunder Clap |
| 9:58 | Cloud |
| 9:59 | Guard Tower |
| 10:06 | Priest |
| 10:33 | Improved Masonry |
| 10:34 | Scout Tower |
| 10:35 | Scout Tower |
| 10:36 | Improved Lumber Harvesting |
| 11:15 | Dragonhawk Rider |
| 11:19 | Rifleman |
| 11:19 | Rifleman |
| 11:20 | Guard Tower |
| 11:37 | Priest |
| 11:39 | Priest Adept Training |
| 12:08 | Rifleman |
| 12:09 | Priest |
| 12:12 | Peasant |
| 12:12 | Peasant |
| 12:12 | Peasant |
| 12:12 | Peasant |
| 12:15 | Peasant |
| 12:15 | Peasant |
| 12:19 | Dragonhawk Rider |
| 12:47 | Rifleman |
| 12:48 | Priest |
| 13:07 | Dragonhawk Rider |
| 13:07 | Dragonhawk Rider |
| 13:08 | Priest |
| 13:08 | Rifleman |
| 13:19 | Storm Bolt |
| 13:24 | Rifleman |
| 13:40 | Brilliance Aura |
| 13:48 | Dragonhawk Rider |
| 13:53 | Advanced Lumber Harvesting |
| 13:57 | Priest |
| 13:59 | Rifleman |
| 14:22 | Priest Master Training |
| 14:39 | Rifleman |
| 14:45 | Farm |
| 14:46 | Farm |
| 14:47 | Farm |
| 14:50 | Peasant |
| 14:50 | Peasant |
| 14:50 | Peasant |
| 15:37 | Dragonhawk Rider |
| 15:37 | Dragonhawk Rider |
| 16:14 | Dragonhawk Rider |
| Select group | 977 |
| Right click | 652 |
| Misc. action | 404 |
| Select | 291 |
| Build/train/purchase | 103 |
| Assign group | 51 |
| Use ability | 41 |
| Minimap ping | 12 |
| Chat | 7 |
| Remove unit | 3 |

| Wisp | 34 | 2040 | / | 0 |
| Huntress | 2 | 390 | / | 40 |
| Glaive Thrower | 6 | 1260 | / | 390 |
| Archer | 9 | 1170 | / | 90 |
| total: | 51 | 4860g | / | 520w |
| Ancient Protector | 7 | 945 | / | 560 |
| Altar of Elders | 1 | 180 | / | 50 |
| Moon Well | 6 | 1080 | / | 240 |
| Ancient of War | 4 | 600 | / | 240 |
| Hunter's Hall | 1 | 210 | / | 100 |
| Tree of Life | 1 | 340 | / | 185 |
| Chimaera Roost | 2 | 280 | / | 380 |
| Tree of Ages | 2 | 640 | / | 360 |
| Tree of Eternity | 2 | 660 | / | 400 |
| total: | 22 | 3635g | / | 1755w |
| 0:04 | Wisp |
| 0:04 | Wisp |
| 0:09 | Altar of Elders |
| 0:21 | Moon Well |
| 0:29 | Wisp |
| 0:29 | Wisp |
| 0:38 | Wisp |
| 0:38 | Wisp |
| 0:51 | Wisp |
| 1:03 | Wisp |
| 1:03 | Wisp |
| 2:00 | Ancient of War |
| 2:01 | Hunter's Hall |
| 2:02 | Wisp |
| 2:03 | Wisp |
| 2:18 | Entangling Roots |
| 2:23 | Ancient of War |
| 2:27 | Wisp |
| 2:33 | Wisp |
| 2:46 | Ancient of War |
| 3:11 | Moon Well |
| 3:39 | Ancient Protector |
| 3:43 | Ancient Protector |
| 4:07 | Ancient Protector |
| 4:15 | Huntress |
| 4:39 | Ancient of War |
| 4:54 | Huntress |
| 5:25 | Tree of Ages |
| 6:09 | Moon Well |
| 6:11 | Moon Well |
| 6:12 | Moon Well |
| 6:14 | Moon Well |
| 7:05 | Thorns Aura |
| 7:14 | Glaive Thrower |
| 7:17 | Glaive Thrower |
| 7:19 | Strength of the Moon |
| 7:19 | Improved Strength of the Moon |
| 7:46 | Glaive Thrower |
| 8:21 | Glaive Thrower |
| 9:18 | Archer |
| 9:18 | Archer |
| 9:22 | Ancient Protector |
| 9:26 | Tree of Life |
| 9:33 | Ancient Protector |
| 9:37 | Ancient Protector |
| 9:44 | Archer |
| 9:51 | Wisp |
| 9:51 | Wisp |
| 9:51 | Wisp |
| 9:51 | Wisp |
| 9:52 | Wisp |
| 10:02 | Improved Bows |
| 10:56 | Archer |
| 11:16 | Archer |
| 11:28 | Ancient Protector |
| 11:53 | Archer |
| 11:54 | Advanced Strength of the Moon |
| 11:56 | Wisp |
| 11:56 | Wisp |
| 11:56 | Wisp |
| 11:57 | Wisp |
| 12:03 | Wisp |
| 12:03 | Wisp |
| 12:09 | Entangling Roots |
| 13:07 | Archer |
| 13:10 | Wisp |
| 13:11 | Wisp |
| 13:41 | Archer |
| 13:43 | Moon Armor |
| 14:13 | Archer |
| 14:14 | Tree of Eternity |
| 14:41 | Wisp |
| 14:41 | Wisp |
| 14:41 | Wisp |
| 14:42 | Wisp |
| 14:42 | Wisp |
| 14:42 | Wisp |
| 14:42 | Wisp |
| 14:42 | Wisp |
| 16:03 | Glaive Thrower |
| 16:38 | Glaive Thrower |
| 16:41 | Chimaera Roost |
| 16:43 | Chimaera Roost |
| Right click | 909 |
| Select group | 472 |
| Select | 357 |
| Chat | 91 |
| Misc. action | 82 |
| Build/train/purchase | 79 |
| Assign group | 68 |
| Use ability | 27 |
| Esc | 9 |
| Minimap ping | 3 |